 Dungeon Crawl Stone Soup version 0.19.0-20-gbc5f0c6 (webtiles) character file.

176 cedor the Poker (level 5, -8/41 HPs)
             Began as a Demonspawn Chaos Knight on Nov 16, 2016.
             Killed by nerve-wracking pain
             ... invoked by an orc priest
              (13 damage)
             ... on level 3 of the Dungeon.
             The game lasted 00:08:00 (3207 turns).

cedor the Poker (Demonspawn Chaos Knight)           Turns: 3207, Time: 00:08:04

Health: -8/41      AC:  5    Str: 14    XL:     5   Next: 30%
Magic:  5/5        EV: 11    Int: 20    God:    Xom [....*.]
Gold:   112        SH:  4    Dex: 12    Spells: 0 memorised, 4 levels left

rFire  . . .     SeeInvis .     a - +0 spear (chaos)
rCold  . . .     Gourm    .     p - +2 leather armour
rNeg   . . .     Faith    .     A - +0 buckler
rPois  +         Spirit   .     (helmet restricted)
rElec  +         Reflect  .     (no cloak)
rCorr  .         Harm     .     (no gloves)
MR     .....     Clarity  +     (no boots)
Stlth  +.........               (no amulet)
                                e - ring of poison resistance
                                (no ring)

@: brilliant, drained
A: antennae 2, clarity, sense surroundings 1, electricity resistance, strong 1,
evolution 1, sturdy frame 2
a: Renounce Religion


You were on level 3 of the Dungeon.
You worshipped Xom.
You were a beloved toy of Xom.
You were not hungry.

You visited 1 branch of the dungeon, and saw 3 of its levels.

You collected 112 gold pieces.


Innate Abilities, Weirdness & Mutations

You have a pair of antennae on your head.
Your movements are less encumbered by armour. (ER -4)
You possess an exceptional clarity of mind.
You passively map a small area around you.
You are resistant to electric shocks. (rElec)
Your muscles are strong. (Str +2)
You evolve.


   Skills:
 - Level 3.0(2.5) Fighting
 + Level 5.1(4.6) Polearms
 - Level 1.7(1.3) Armour
 - Level 0.8(0.4) Dodging
 + Level 1.7(1.3) Shields
 + Level 0.0 Evocations


You had 4 spell levels left.
You didn't know any spells.

Inventory:

Hand Weapons
 a - a +0 spear of chaos (weapon)
 b - a +0 hunting sling
Missiles
 h - 41 stones
 l - 6 javelins (quivered)
Armour
 p - a +2 leather armour (worn)
 u - a +0 helmet
 A - a +0 buckler (worn)
 B - a +0 ring mail
Jewellery
 e - a ring of poison resistance (right hand)
 y - an uncursed ring of fire
Wands
 C - a wand of paralysis (6/24)
Scrolls
 f - 3 scrolls of remove curse {unknown}
 g - a scroll of random uselessness {unknown}
 j - 2 scrolls of identify {unknown}
 k - a scroll of amnesia {unknown}
 n - a scroll of teleportation {unknown}
 q - a scroll of recharging {unknown}
 t - a scroll of enchant armour {unknown}
 x - 2 scrolls of magic mapping {unknown}
Potions
 d - a potion of resistance {unknown}
 i - a potion of cure mutation {unknown}
 o - 2 potions of flight {unknown}
 r - 3 potions of haste {unknown}
 s - 2 potions of curing {unknown}
 v - a potion of might {unknown}
 w - a potion of agility {unknown}
Comestibles
 c - 2 bread rations
 m - 3 meat rations
 z - 2 chunks of flesh

Dungeon Overview and Level Annotations

Branches:
Dungeon (3/15)

Altars:
Ru
Xom

▒.▒▒.▒▒▒▒▒▒▒▒▒▒▒▒▒ ░,░
▒.▒▒.............▒ ░,░
▒..▒.......▒▒▒▒▒.▒ ░,░
▒▒.▒.......▒ ▒b▒░░,░░░░░░
▒.).......▒ ▒b▒,,,, ,,,░
▒▒........▒ ▒.▒,░,░░ ░,
▒..▒▒▒▒▒▒▒▒▒▒▒.▒ ░,,, ░,░
▒.>..........▒.▒,░ , ,░,░
▒▒.▒▒▒▒▒▒▒▒▒.▒6▒,░,░░░░,░
▒.▒ ▒.▒o▒,░,,,,,, ▒.▒
▒.▒o▒,░░░ ░░░ ▒.▒
▒.▒o▒,,,,,,,░ ▒.▒▒▒▒
▒.▒.▒░░ ░░░,░ ▒....▒
▒.▒.▒ ░,░ ▒....▒ ▒.▒.▒
░,░ ▒....▒ ▒.▒[▒ ░,░
▒....▒▒▒▒▒▒.▒ ░ ░,░


You could see an orc priest and 2 orcs.


Message History

You closely miss the orc.
The orc is almost dead.
Xom grants you a minor favour.
You feel clever all of a sudden. The orc closely misses you.
You hit the orc but do no damage.
The orc is almost dead.
Xom grants you insight.
You feel aware of your surroundings. You block the orc's attack.
You hit the orc.
You kill the orc!
Evoke which item? (* to show all) (? for menu, Esc to quit)
Zapping:
C - a wand of paralysis {god gift} (will waste charges)
Press: ? - help, Shift-Dir - straight line, f/p - orc priest
Aim: an orc priest, wielding a whip (lightly wounded, chance to defeat MR: 46%)
The orc priest resists with some effort.
Evoking this partially-identified wand wasted a few charges.
The orc priest mumbles some strange prayers to Beogh against you.
Beogh smites you!
* * * LOW HITPOINT WARNING * * *
Evoke which item? (* to show all) (? for menu, Esc to quit)
Zapping:
C - a wand of paralysis {zapped: 3} {god gift} (will waste charges)
Press: ? - help, Shift-Dir - straight line, f/p - orc priest
Aim: an orc priest, wielding a whip (lightly wounded, chance to defeat MR: 46%)
The orc priest resists with some effort.
Evoking this partially-identified wand wasted a few charges.
The orc priest mumbles some strange prayers to Beogh against you.
Pain shoots through your body!
You die...
Xom giggles madly!

Action                   |  1- 3 |  4- 6 || total
-------------------------+-------+-------++-------
Melee: Spear             |   127 |   160 ||   287
Throw: Javelin           |       |     6 ||     6
       Stone             |       |     1 ||     1
Evoke: Wand              |       |     2 ||     2
 Stab: Petrifying        |     1 |       ||     1
       Confused          |       |     3 ||     3
       Paralysed         |       |     2 ||     2
       Sleeping          |       |     1 ||     1
  Eat: Beef jerky        |     1 |       ||     1
       Chunk             |     1 |     2 ||     3
       Meat ration       |       |     1 ||     1
Armor: Leather armour    |    32 |    27 ||    59
Dodge: Dodged            |    55 |    47 ||   102
Block: Buckler           |       |    12 ||    12

Vault maps used:
D:1:      dpeg_arrival_oval, serial_forest, infiniplex_forest_lined_room_3,
          infiniplex_forest_lined_4_way, infiniplex_forest_lined_2,
          infiniplex_forest_zigzag_2, infiniplex_forest_3_way,
          infiniplex_forest_lined_3, infiniplex_forest_straight_2,
          infiniplex_forest_join, minmay_pentomino_p4
D:2:      xom_teletrap_fun
D:3:      lemuel_crystal_altar

Notes
Turn   | Place    | Note
-------+----------+-------------------------------------------
     0 | D:1      | cedor the Demonspawn Chaos Knight began the quest for the Orb.
     0 | D:1      | Reached XP level 1. HP: 18/18 MP: 1/1
   112 | D:1      | XOM: harmless Conj miscast
   125 | D:1      | Reached skill level 3 in Polearms
   162 | D:1      | XOM: give mutation
   162 | D:1      | Gained mutation: You evolve. [Xom's grace]
   319 | D:1      | Gained mutation: Your movements are slightly less encumbered by armour. (ER -2) [demonic ancestry]
   319 | D:1      | Reached XP level 2. HP: 24/24 MP: 2/2
   473 | D:1      | XOM: 2-stop teleportation journey
   644 | D:1      | XOM: god gift: meat ration
  1287 | D:2      | Found a shimmering altar of Xom.
  1288 | D:2      | Gained mutation: You have a pair of small antennae on your head. [demonic ancestry]
  1288 | D:2      | Reached XP level 3. HP: 29/29 MP: 3/3
  1333 | D:2      | Gained mutation: You have a pair of antennae on your head. [evolution]
  1357 | D:2      | Reached skill level 4 in Polearms
  1635 | D:2      | XOM: divination: detect creatures
  1672 | D:2      | Reached XP level 4. HP: 35/35 MP: 4/4
  2051 | D:3      | Reached skill level 1 in Shields
  2060 | D:3      | HP: 3/35 [quokka (2)]
  2215 | D:3      | XOM: noise
  2225 | D:3      | Gained mutation: You possess an exceptional clarity of mind. [evolution]
  2244 | D:3      | XOM: torment (13/35 hp)
  2291 | D:3      | XOM: butterfly on damage
  2299 | D:3      | XOM: confuse monster(s)
  2305 | D:3      | Gained mutation: Your movements are less encumbered by armour. (ER -4) [demonic ancestry]
  2305 | D:3      | Reached XP level 5. HP: 15/41 MP: 5/5
  2322 | D:3      | Reached skill level 5 in Polearms
  2462 | D:3      | XOM: smoke on damage
  2464 | D:3      | HP: 4/41 [something (4)]
  2474 | D:3      | HP: 4/41 [hobgoblin/club (1)]
  2588 | D:2      | XOM: summons 1 hostile shadow creature
  2738 | D:2      | XOM: scenery: create altars
  2750 | D:3      | HP: 4/41 [gnoll/spear (3)]
  3091 | D:3      | Found a sacrificial altar of Ru.
  3102 | D:3      | XOM: god gift: runed bone wand {god gift}
  3131 | D:3      | XOM: give mutations
  3131 | D:3      | Gained mutation: You passively map a small area around you. [Xom's grace]
  3131 | D:3      | Gained mutation: Your muscles are strong. (Str +2) [Xom's grace]
  3131 | D:3      | Gained mutation: You are resistant to electric shocks. (rElec) [Xom's grace]
  3196 | D:3      | XOM: butterfly on damage
  3203 | D:3      | XOM: potion effect (brilliance)
  3204 | D:3      | XOM: divination: magic mapping
  3207 | D:3      | Killed from afar by an orc priest

Vanquished Creatures
  4 gnolls (D:3)
  5 adders
  An ooze (D:3)
  2 worms
  3 dart slugs (D:2)
  3 leopard geckos
  2 orcs (D:3)
  10 bats
  5 giant cockroaches
  5 goblins
  6 hobgoblins
  10 jackals
  A quokka (D:3)
  2 ball pythons (D:1)
  A frilled lizard (D:1)
  4 kobolds
  7 rats
71 creatures vanquished.
